 Dungeon Crawl Stone Soup version 0.18.1-6-gd335043 (webtiles) character file.

95 Scarto the Skirmisher (level 4, -2/37 HPs)
             Began as a Demonspawn Fighter on May 20, 2016.
             Slain by a hobgoblin
             ... wielding a +0 club
             ... led by Robin
              (4 damage)
             ... on level 3 of the Dungeon.
             The game lasted 00:02:26 (1593 turns).

Scarto the Skirmisher (Demonspawn Fighter)          Turns: 1593, Time: 00:02:27

Health: -2/37      AC:  6    Str: 17    XL:     4   Next: 40%
Magic:  4/4        EV:  7    Int:  9    God:
Gold:   80         SH:  9    Dex: 13    Spells: 0 memorised, 3 levels left

rFire  . . .     SeeInvis .     a - +1 war axe
rCold  + . .     Gourm    .     b - +0 scale mail
rNeg   . . .     Faith    .     c - +0 shield
rPois  .         Spirit   .     (helmet restricted)
rElec  .         Dismiss  .     (no cloak)
rCorr  .         Reflect  .     (no gloves)
SustAt .         Harm     .     (no boots)
MR     .....                    (no amulet)
Stlth  ..........               (no ring)
                                n - ring of protection from cold

@: lethally poisoned (-2 -> -4), not resistant to hostile enchantments,
extremely unstealthy
A: claws 1, horns 1
a: no special abilities


You were on level 3 of the Dungeon.
You were not hungry.

You visited 1 branch of the dungeon, and saw 3 of its levels.

You collected 80 gold pieces.

Inventory:

Hand Weapons
 a - a +1 war axe (weapon)
Armour
 b - a +0 scale mail (worn)
 c - a +0 shield (worn)
Jewellery
 n - a ring of protection from cold (left claw)
Wands
 r - a wand of disintegration (20/24)
Scrolls
 g - a scroll of immolation {unknown}
 h - 2 scrolls of teleportation {unknown}
 i - 2 scrolls of remove curse {unknown}
 k - 4 scrolls of identify {unknown}
 l - a scroll of enchant armour {unknown}
 q - a scroll of recharging {unknown}
Potions
 d - 2 potions of might
 j - a potion of flight {unknown}
 m - 5 potions of agility {unknown}
 o - a potion of curing {unknown}
 p - 2 potions of cancellation {unknown}
Comestibles
 f - 2 bread rations


   Skills:
 + Level 3.7 Fighting
 + Level 2.5 Axes
 + Level 3.3 Armour
 + Level 3.2 Shields


You had 3 spell levels left.
You didn't know any spells.

Dungeon Overview and Level Annotations

Branches:
Dungeon (3/15)

Altars:
Dithmenos


Innate Abilities, Weirdness & Mutations

You have sharp fingernails.
You have a pair of small horns on your head.


Message History

The hobgoblin is moderately wounded.
You slash the adder!
You kill the adder!
You feel sick. The hobgoblin hits you with a club.
* * * LOW HITPOINT WARNING * * *
Unknown command.
You hit the goblin.
The goblin is moderately wounded.
You hit the hobgoblin but do no damage.
The hobgoblin is moderately wounded.
The hobgoblin no longer looks unusually strong.
The goblin hits you.
* * * LOW HITPOINT WARNING * * *
The hobgoblin closely misses you.
Your shield and scale mail prevent you from hitting the goblin.
The goblin is moderately wounded.
You hit the hobgoblin but do no damage.
The hobgoblin is moderately wounded.
You block the goblin's attack. The hobgoblin hits you with a club.
You die...

## .. .#
.##
#g#######
+@gg.....
#########


You could see a hobgoblin and 2 goblins.

Vanquished Creatures
  Robin (D:3)
  5 adders
  An ooze (D:2)
  2 dart slugs
  3 giant cockroaches (D:2)
  3 goblins
  3 hobgoblins
  2 ball pythons (D:1)
  5 bats (D:1)
  A giant newt (D:1)
  5 kobolds (D:1)
  3 rats
34 creatures vanquished.

Notes
Turn   | Place    | Note
--------------------------------------------------------------
     0 | D:1      | Scarto the Demonspawn Fighter began the quest for the Orb.
     0 | D:1      | Reached XP level 1. HP: 18/18 MP: 1/1
   208 | D:1      | Gained mutation: You have sharp fingernails. [demonic ancestry]
   208 | D:1      | Reached XP level 2. HP: 19/24 MP: 2/2
   950 | D:2      | Gained mutation: You have a pair of small horns on your head. [demonic ancestry]
   950 | D:2      | Reached XP level 3. HP: 29/29 MP: 3/3
  1203 | D:2      | Found a shadowy altar of Dithmenos.
  1478 | D:2      | Reached XP level 4. HP: 13/36 MP: 4/4
  1578 | D:3      | Noticed Robin
  1588 | D:3      | Killed Robin
  1593 | D:3      | Slain by a hobgoblin

Skill      XL: |  1  2  3 |
---------------+----------+-----
Axes           | 2 |  2.5
Armour         | 3 |  3.3
Shields        | 3 |  3.2
Fighting       | |  3.7

Action                   |  1- 3 |  4- 6 || total
-------------------------+-------+-------++-------
Melee: War axe           |    89 |    14 ||   103
       Headbutt          |     3 |     2 ||     5
  Use: Scroll            |       |     1 ||     1
  Eat: Bread ration      |       |     1 ||     1
       Beef jerky        |       |     1 ||     1
Armor: Scale mail        |    45 |     6 ||    51
Dodge: Dodged            |    28 |     6 ||    34
Block: Shield            |    47 |    13 ||    60
